Map: Frozen Temple

Players

JaeDez - Winner!

  • Race: Terran Terran
  • League: Gold

Fear

  • Race: Terran Terran
  • League: Gold

VOD

Have the link to the VOD?

Description

Here is an example of the defensive capability of a double gas opening vs a proxy cheese build. Not the best macro on my part, but I think it gets the point across.

Time

  • Played on: July 1, 2016, 2:39 p.m.
  • Length: 7:15
Show
View Real Time Build Order
Export as new Build Order

JaeDez Terran - Winner!

Build Orders: 1/1/1, Banshee Rush 

Get SALT Encoding   

  12  0:00  SCV  
  13  0:12  SCV  
  14  0:17  Supply Depot  
  14  0:25  SCV  
  15  0:29  Refinery  
  15  0:39  SCV  
  16  0:46  Barracks  
  16  0:51  SCV  
  17  1:02  Refinery  
  17  1:03  SCV  
  18  1:16  SCV  
  19  1:34  Factory  
  19  1:39  Orbital Command  
  20  1:55  Barracks Tech Lab  
  19  2:05  SCV  
  20  2:20  Starport  
  20  2:22  Hellion  
  22  2:28  SCV  
  23  2:33  Supply Depot  
  23  2:35  Marine  
  23  2:38  Bunker  
  23  2:43  Bunker  
  21  3:11  Factory Tech Lab  
  14  3:15  Banshee  
  17  3:31  Siege Tank  
  21  3:40  Cloaking Field  
  20  3:50  Reaper  
  20  3:53  SCV  
  20  4:08  Banshee  
  23  4:22  SCV  
  19  4:34  SCV  
  19  4:37  Marine  
  21  4:46  SCV  
  22  4:54  Banshee  
  22  4:55  Marine  
  26  5:11  SCV  
  27  5:23  SCV  
  27  5:26  Barracks Reactor  
  28  5:35  SCV  
  29  6:14  Marine x2  
  31  6:20  Bunker  
  31  6:54  SCV  
  31  6:58  Supply Depot  
Show
View Real Time Build Order
Export as new Build Order

Fear Terran 

Build Orders:  

Get SALT Encoding   

  12  0:01  SCV  
  13  0:22  SCV  
  14  0:31  Supply Depot  
  14  0:34  SCV  
  15  1:00  Barracks  
  15  1:03  Barracks  
  15  1:13  Barracks  
  15  1:16  SCV  
  16  1:30  Barracks  
  16  1:36  SCV  
  17  1:48  SCV  
  18  2:01  Marine  
  18  2:07  Marine  
  20  2:13  SCV  
  21  2:19  Marine  
  21  2:22  Marine  
  23  2:32  Supply Depot  
  23  2:44  Bunker  
  23  2:53  Marine x3  
  25  3:11  Marine x3  
  27  3:22  Refinery  
  27  3:25  Refinery  
  27  3:27  Bunker  
  27  3:29  Marine x3  
  30  3:47  Marine  
  31  3:50  Bunker  
  31  3:53  Marine  
  31  4:00  Marine  
  31  4:10  Marine  
  31  4:11  Marine  
  30  4:17  Marine  
  23  4:41  Marine  
  21  4:56  Factory  
  21  5:00  Orbital Command  
  21  5:11  Marine  
  22  5:20  Engineering Bay  
  22  5:29  Marine  
  23  5:40  Factory Tech Lab  
  23  5:43  Starport  
  23  5:47  Marine  
  16  5:58  Missile Turret  
  10  6:04  Marine  
  9  6:12  Siege Tank  
  9  6:15  Bunker  
  6  6:44  Marine x2  
Tags
 
Add a new tag
Caveats
  • Supply blocks, unpowered buildings, or Contaminate may cause inaccurate times.
  • Supply counts are checked every 10 seconds.